 Dungeon Crawl Stone Soup version 0.28-a0-1202-g1e6f1b2279 (webtiles) character file.

Game seed: 824038263256430452

2608 ChaosChampion the Insei (level 9, 0/72 HPs)
             Began as a Red Draconian Transmuter on Dec 20, 2021.
             Was a Priest of Okawaru.
             Slain by a gnoll sergeant (3 damage)
             ... in a bailey.
             The game lasted 00:14:43 (9632 turns).

ChaosChampion the Insei (Red Draconian Transmuter)  Turns: 9632, Time: 00:14:43

Health: 0/72       AC:  8    Str: 12    XL:     9   Next: 33%
Magic:  15/15      EV:  7    Int: 18    God:    Okawaru [***...]
Gold:   316        SH:  0    Dex: 12    Spells: 6/16 levels left

rFire   + + .      SeeInvis .     - Unarmed
rCold   + . .      Faith    .   (no shield)
rNeg    . . .      Spirit   .   (armour unavailable)
rPois   .          Reflect  .   (helmet restricted)
rElec   .          Harm     .   C - scarf {rC+ rF+}
rCorr   .          Rampage  .   (no gloves)
Will    .....                   b - +0 pair of boots
Stlth   +.........              (no amulet)
HPRegen 0.22/turn               (no ring)
MPRegen 0.14/turn               (no ring)

@: held
A: breathe fire, AC +7, unfitting armour, fire resistance 1, cold-blooded
a: Breathe Fire, Renounce Religion, Heroism


You were in a bailey.
You worshipped Okawaru.
Okawaru was most pleased with you.
You visited 2 branches of the dungeon, and saw 7 of its levels.
You also visited: Ossuary and Bailey.

You collected 316 gold pieces.

Inventory:

Missiles
 w - 6 curare-tipped darts
Armour
 b - a +0 pair of boots (worn)
 t - a +0 cloak
 C - a scarf of resistance (worn)
Wands
 u - a wand of polymorph (6)
 v - a wand of iceblast (10)
Scrolls
 a - a scroll of amnesia {unknown}
 h - 7 scrolls of teleportation {unknown}
 i - 4 scrolls of magic mapping
 j - 4 scrolls of identify {unknown}
 o - 4 scrolls of noise {unknown}
 p - a scroll of silence {unknown}
 q - a scroll of torment {unknown}
 r - 5 scrolls of fear {unknown}
 x - a scroll of immolation {unknown}
 y - a scroll of blinking {unknown}
 z - a scroll of enchant armour {unknown}
 B - 2 scrolls of vulnerability {unknown}
Potions
 c - a potion of might {unknown}
 d - 2 potions of heal wounds {unknown}
 e - a potion of resistance {unknown}
 f - 3 potions of haste {unknown}
 g - 4 potions of lignification {unknown}
 k - 2 potions of berserk rage {unknown}
 l - 2 potions of flight {unknown}
 m - a potion of cancellation {unknown}
 n - 3 potions of curing {unknown}
 s - 3 potions of invisibility {unknown}
 A - a potion of degeneration {unknown}


   Skills:
 + Level 4.3 Fighting
 + Level 3.8 Dodging
 + Level 7.4 Unarmed Combat
 - Level 4.0 Spellcasting
 + Level 5.7 Transmutations
 + Level 3.5 Poison Magic
 + Level 5.4 Invocations


You had 6 spell levels left.
You knew the following spells:

 Your Spells              Type           Power      Damage    Failure   Level
a - Beastly Appendage     Tmut           48%        N/A       1%          1
b - Wereblood             Tmut           24%        N/A       1%          2
c - Spider Form           Tmut/Pois      20%        N/A       7%          3
d - Olgreb's Toxic Radia  Pois           16%        N/A       34%         4

Your spell library contained the following spells:

 Spells                   Type           Power      Damage    Failure   Level
 Sting                    Tmut/Pois      80%        1d7       2%          1
 Poisonous Vapours        Pois/Air       18%        N/A       11%         2
 Sublimation of Blood     Necr           3%         N/A       22%         2
 Gell's Gravitas          Tloc           3%         N/A       41%         3
 Lesser Beckoning         Tloc           3%         N/A       41%         3
 Teleport Other           Tloc           3%         N/A       41%         3
 Ice Form                 Ice/Tmut       14%        N/A       41%         4
 Petrify                  Tmut/Erth      14%        N/A       41%         4
 Irradiate                Conj/Tmut      7%         3d16      77%         5
 Metabolic Englaciation   Hex/Ice        1%         N/A       99%         5
 Dispersal                Tloc           1%         N/A       100%        6
 Statue Form              Tmut/Erth      9%         N/A       100%        6


Dungeon Overview and Level Annotations

Branches:
Dungeon (7/15)             Temple (1/1) D:4         Ossuary (visited)
 Bailey (1/1)

Altars:
Ashenzari
Cheibriados
Dithmenos
Elyvilon
Gozag
Hepliaklqana
Kikubaaqudgha
Makhleb
Nemelex Xobeh
Okawaru
Qazlal
Sif Muna
Trog
Vehumet
Wu Jian
Yredelemnul
Zin

Shops:
D:6 [


Innate Abilities, Weirdness & Mutations

You can breathe blasts of fire.
Your fiery red scales are hard. (AC +7)
You cannot fit into any form of body armour.
Your flesh is heat resistant. (rF+)
You are cold-blooded and may be slowed by cold attacks.


Message History

The gnoll sergeant is engulfed in blazing flames.
You shred the net and break free! The gnoll barely misses you.
The gnoll completely misses you. The gnoll sergeant barely misses you.
The gnoll sergeant barely misses you.
The gnoll sergeant hits you from afar with a +0 halberd.
There is an open gate, spattered with blood here.
The gnoll shaman calls upon its god to speed up the gnoll.
The gnoll seems to speed up.
The gnoll sergeant misses you.
The gnoll sergeant hits you from afar with a +0 halberd.
The gnoll sergeant barely misses you.
The gnoll throws a throwing net.
The throwing net hits you.
You become entangled in the net!
You see here a throwing net.
You struggle against the net.
You have got your breath back.
The gnoll sergeant hits you from afar with a +0 halberd.
The gnoll hits you from afar with a +0 trident.
You struggle against the net.
The gnoll sergeant hits you but does no damage.
The gnoll closely misses you.
The gnoll sergeant hits you from afar with a +0 halberd.
You struggle against the net.
The gnoll barely misses you. The gnoll sergeant closely misses you.
The gnoll hits you from afar with a +0 trident.
The gnoll sergeant hits you from afar with a +0 glaive!
The gnoll closely misses you.
Okay, then.
As you read the scroll labelled QYIPLU IPEYFEXKE, it crumbles to dust.
You feel aware of your surroundings.
It was a scroll of magic mapping.
The gnoll sergeant barely misses you.
The gnoll hits you from afar with a +0 trident.
* * * LOW HITPOINT WARNING * * *
The gnoll hits you from afar with a +0 trident.
* * * LOW HITPOINT WARNING * * *
The gnoll sergeant hits you from afar with a +0 halberd!
* * * LOW HITPOINT WARNING * * *
The gnoll shaman calls upon its god to speed up the gnoll.
The gnoll seems to speed up.
The gnoll sergeant hits you from afar with a +0 glaive.
You die...

*≈*****+#...#+****#≈♣
*≈,*,,,,#).)#,,,,*.≈♣
*≈,######'''######.≈♣
*≈,.......g........≈♣
*≈≈...............≈≈♣
**≈≈≈≈≈≈≈.g.≈≈≈≈≈≈≈♣*
**......gggg.....♣*
*♣♣...........♣♣♣
♣♣♣♣..@....♣♣
♣♣.∩)♣♣♣♣ ♣♣)♣♣ ♣÷♣
♣∩♣ ###


You could see 2 gnoll sergeants, a gnoll shaman and 3 gnolls.

Vanquished Creatures
  Prince Ribbit (D:4)
  Sigmund (D:5)
  Menkaure (D:7)
  Duvessa (D:5)
  2 sky beasts
  An ice beast (D:5)
  A black bear (D:5)
  A necrophage (D:6)
  A centaur (D:5)
  2 elf zombies (Ossuary)
  A kobold brigand (D:6)
  2 bullfrogs
  A wyvern zombie (D:5)
  4 scorpions (D:5)
  A water moccasin skeleton (D:4)
  Dowan (D:5)
  4 electric eels (D:6)
  A centaur zombie (D:7)
  A human zombie (Ossuary)
  2 jellies (D:5)
  4 hounds
  An orc priest (D:5)
  An iguana (D:6)
  Ijyb (D:5)
  2 orc wizards
  A hound zombie (Ossuary)
  4 mummies (Ossuary)
  4 gnolls (Bailey)
  5 adders
  A shadow imp (D:5)
  2 white imps
  An ufetubus (D:4)
  An adder skeleton (D:4)
  2 dart slugs
  A worm (D:2)
  15 orcs
  5 endoplasms
  2 giant cockroaches
  A gnoll zombie (Ossuary)
  4 hobgoblins
  6 jackals
  13 kobolds
  A quokka (D:1)
  3 ball pythons
  2 bats
  2 goblins (D:2)
  A goblin zombie (Ossuary)
  A hobgoblin zombie (Ossuary)
  2 jackal zombies (Ossuary)
  2 kobold zombies (Ossuary)
  An orc zombie (Ossuary)
  A rat (D:2)
  A rat zombie (D:4)
124 creatures vanquished.

Vanquished Creatures (others)
  10 plants (D:6)
10 creatures vanquished.

Grand Total: 134 creatures vanquished

Notes
Turn   | Place    | Note
-------+----------+-------------------------------------------
     0 | D:1      | ChaosChampion the Draconian Transmuter began the quest for
                  | the Orb.
     0 | D:1      | Reached XP level 1. HP: 16/16 MP: 3/3
   323 | D:1      | Reached XP level 2. HP: 23/23 MP: 3/5
   383 | D:1      | Found a faded altar of an unknown god.
   682 | D:2      | Learned a level 2 spell: Wereblood
   841 | D:2      | Reached skill level 4 in Unarmed Combat
   841 | D:2      | Reached XP level 3. HP: 28/28 MP: 4/6
  1127 | D:2      | You fall into a shaft and drop 2 floors!
  1150 | D:4      | Found a staircase to the Ecumenical Temple.
  1174 | Temple   | Entered the Ecumenical Temple
  1475 | Temple   | Became a worshipper of Warmaster Okawaru
  1504 | D:4      | Found a sand-covered staircase.
  1520 | Ossuary  | Entered an ossuary
  1663 | Ossuary  | Reached XP level 4. HP: 14/35 MP: 7/7
  1726 | Ossuary  | Reached skill level 1 in Invocations
  1734 | Ossuary  | Reached XP level 5. HP: 10/40 MP: 5/8
  1943 | Ossuary  | Reached skill level 5 in Unarmed Combat
  2070 | Ossuary  | Reached * piety under Okawaru
  2071 | Ossuary  | Reached XP level 6. HP: 32/47 MP: 7/9
  2302 | D:4      | Identified a scroll of acquirement
  2302 | D:4      | Acquired a Young Poisoner's Handbook
  2513 | D:4      | Found an opulent altar of Gozag.
  3456 | D:5      | Entered Level 5 of the Dungeon
  3516 | D:5      | Noticed Ijyb
  3521 | D:5      | Noticed a sky beast
  3533 | D:5      | Noticed Duvessa
  3535 | D:5      | Noticed Dowan
  3540 | D:5      | Killed Ijyb
  3909 | D:5      | Reached skill level 6 in Unarmed Combat
  3918 | D:5      | Your scales start taking on a fiery red colour.
  3918 | D:5      | Reached XP level 7. HP: 13/52 MP: 5/10
  3918 | D:5      | Gained mutation: Your flesh is heat resistant. (rF+) [Red
                  | Draconian growth]
  4408 | D:4      | Learned a level 3 spell: Spider Form
  4419 | D:5      | Noticed Prince Ribbit
  4849 | D:4      | Killed Prince Ribbit
  5308 | D:5      | Reached skill level 1 in Poison Magic
  5354 | D:5      | Noticed Sigmund
  5397 | D:5      | Killed Sigmund
  5397 | D:5      | Reached ** piety under Okawaru
  5609 | D:5      | Reached XP level 8. HP: 62/62 MP: 11/11
  5906 | D:5      | Killed Duvessa
  5910 | D:5      | Reached skill level 5 in Transmutations
  5915 | D:5      | Killed Dowan
  6547 | D:5      | Reached *** piety under Okawaru
  6548 | D:5      | Reached skill level 7 in Unarmed Combat
  7102 | D:6      | Reached skill level 5 in Invocations
  7102 | D:6      | Reached XP level 9. HP: 68/71 MP: 10/14
  7785 | D:6      | Found Uhups's Armour Shop.
  8830 | D:7      | Learned a level 4 spell: Olgreb's Toxic Radiance
  8916 | D:7      | Noticed Menkaure
  8920 | D:7      | Found a flagged portal.
  8925 | D:7      | Killed Menkaure
  9231 | Bailey   | Entered a bailey
  9632 | Bailey   | HP: 3/72 [gnoll sergeant (12)]
  9632 | Bailey   | Slain by a gnoll sergeant

Illustrated notes

Levels and vault maps discovered:
D:1:      lightli_arrival_lavapool, layout_basic,
          shapermc_ecumenical_altar_ellora
D:2:      layout_loops_ring
D:4:      layout_basic, lemuel_doored_altar,
          minmay_temple_entry_statues_pillars, enter_ossuary_3
D:5:      kennysheep_spiral_hall, layout_basic, uniq_duvessa, uniq_sigmund,
          uniq_ijyb, uniq_prince_ribbit1
D:6:      layout_cave_pools, serial_shops, shop, grunt_ministairs_10,
          serial_bayou_lagoon_b
D:7:      layout_basic, enter_bailey_2, uniq_harold, uniq_menkaure
Temple:   eino_temple_rhombus
Bailey:   bailey_polearm_gnolls_kennysheep, bailey

Skill      XL: |  1  2  3  4  5  6  7  8  9 |
---------------+----------------------------+-----
Unarmed Combat | 4 5 6 7 |  7.4
Transmutations | 3 4 5 |  5.7
Invocations    | 1 2 3 4 5 |  5.4
Dodging        | 2 3 |  3.8
Poison Magic   | 1 3 |  3.5
Fighting       | 2 3 4 |  4.3
Spellcasting   | 3 4 |  4.0

Action                   |  1- 3 |  4- 6 |  7- 9 || total
-------------------------+-------+-------+-------++-------
Melee: Unarmed           |   114 |   151 |   172 ||   437
       Tailslap          |    12 |    19 |    27 ||    58
       Headbutt          |     8 |    17 |    14 ||    39
       Kick              |    15 |    33 |    30 ||    78
       Punch             |       |     1 |     3 ||     4
 Cast: Beastly Appendage |    14 |    13 |    29 ||    56
       Wereblood         |     3 |     9 |    27 ||    39
       Spider Form       |       |       |     1 ||     1
Invok: Heroism           |       |     1 |       ||     1
 Abil: Breathe Fire      |       |       |    21 ||    21
  Use: Scroll            |       |     1 |     1 ||     2
Armor: Skin              |    71 |    40 |    68 ||   179
Dodge: Dodged            |   130 |    64 |   126 ||   320

Table legend: (Time is in decaauts)
 A = Elapsed time spent in this place.
 B = Non-inter-level travel time spent in this place.
 C = Inter-level travel time spent in this place.
 D = Time resting spent in this place.
 E = Time spent auto-exploring this place.
 F = Levels seen in this place.
 G = Mean time per level.
                   A        B        C        D        E       F      G
               +--------+--------+--------+--------+--------+-----+--------+
         Total |   9622 |   9503 |    119 |   2525 |   4850 |   9 | 1069.1 |
       Dungeon |   8131 |   8012 |    119 |   2215 |   4367 |   6 | 1355.2 |
        Temple |    320 |    320 |      0 |      0 |    261 |   1 |  320.0 |
       Ossuary |    773 |    773 |      0 |      2 |    205 |   1 |  773.0 |
        Bailey |    396 |    396 |      0 |    308 |     17 |   1 |  396.0 |
               +--------+--------+--------+--------+--------+-----+--------+

Top non-repeatable levels by time:
     D:4: 2542 daAuts
     D:5: 2140 daAuts
     D:6: 1905 daAuts
 Ossuary: 773 daAuts
     D:1: 673 daAuts
     D:2: 449 daAuts
     D:7: 421 daAuts
  Bailey: 396 daAuts
  Temple: 320 daAuts
